AoeStats
← purotte^

Black Forest

508466533Analyzed
4v4 RM · 8d ago on Sep 22, 2026· 61m 18s· 8 players
Game mode
Random Map
Map size
Large (8 player)
Population
200
Speed
Normal
Resources
Standard
Victory
Conquest
Starting age
Dark Age
Ending age
Imperial Age
RankedLock teamsTeams togetherTeam positionsShared explorationLock speedFull tech treeHidden civsTurbo modeCheats
Victory
Defeat
🇹🇷 Byzantines · Türkiye
921
+32
🇳🇴 Britons · Norway
892
+14
🇪🇸 Persians · Spain
891
+14
🇹🇷 Goths · Türkiye
678
+22
🇪🇸 Spanish · Spain
865
-17
🇫🇷 Persians · France
852
-16
🇪🇨 Vietnamese · Ecuador
848
-16
🇺🇸 Saxons · United States
778
-13
Sylvain MIrouff
9:18 Feudal Age
9:41 Double-Bit Axe
9:45 Horse Collar
14:49 Wheelbarrow
15:27 Gold Mining
15:45 Stone Mining
20:13 Castle Age
21:00 Bow Saw
20:53 Heavy Plow
21:33 Hand Cart
23:08 Stone Shaft Mining
23:14 Gold Shaft Mining
30:34 Imperial Age
28:19 Loom
28:20 Town Watch
31:05 Citadels
30:59 Kamandaran
32:05 Crop Rotation
32:53 Two-Man Saw
32:16 Town Patrol
34:01 Elite War Elephant
35:23 Guilds
37:13 Scale Barding Armor
37:45 Padded Archer Armor
37:36 Fletching
37:56 Forging
37:47 Scale Mail Armor
37:54 Murder Holes
38:09 Masonry
39:07 Chain Barding Armor
40:31 Leather Archer Armor
40:11 Bodkin Arrow
40:51 Iron Casting
41:02 Architecture
41:42 Chain Mail Armor
42:47 Plate Barding Armor
46:34 Plate Mail Armor
46:34 Ring Archer Armor
47:05 Blast Furnace
Kaparso
F o r k B e a r d
WinyHornet8
ALX
VitoScaletta
8:23 Loom
13:23 Feudal Age
14:53 Double-Bit Axe
18:05 Scale Barding Armor
20:02 Castle Age
20:43 Wheelbarrow
21:16 Bow Saw
21:57 Horse Collar
22:50 Husbandry
25:17 Bloodlines
30:09 Hand Cart
34:12 Gold Mining
34:12 Stone Mining
36:57 Heavy Plow
39:30 Imperial Age
37:21 Town Watch
38:01 Chain Barding Armor
37:51 Forging
37:48 Scale Mail Armor
38:18 Town Patrol
39:29 Sanctity
39:10 Devotion
39:07 Herbal Medicine
39:43 Anarchy
40:44 Perfusion
40:10 Cavalier
41:34 Stone Shaft Mining
42:07 Two-Man Saw
41:43 Crop Rotation
43:01 Elite Huskarl
44:04 Conscription
45:00 Pikeman
45:43 Squires
46:50 Chain Mail Armor
47:10 Iron Casting
46:42 Padded Archer Armor
46:34 Fletching
47:07 Ballistics
47:49 Chemistry
46:30 Treadmill Crane
47:15 Ballistics
47:58 Chemistry
47:18 Ballistics
46:53 Halberdier
48:57 Blast Furnace
47:47 Fletching
51:08 Leather Archer Armor
50:49 Bodkin Arrow
51:09 Masonry
50:53 Heated Shot
51:01 Murder Holes
58:33 Leather Archer Armor
58:19 Bracer
58:51 Architecture
61:24 Faith
61:49 Theocracy
purotte^
12:20 Feudal Age
18:21 Castle Age
17:24 Horse Collar
17:30 Double-Bit Axe
24:10 Bow Saw
25:35 Heavy Plow
25:37 Pikeman
26:07 Crossbowman
31:33 Wheelbarrow
32:02 Forging
33:09 Hand Cart
36:32 Imperial Age
35:25 Iron Casting
36:51 Ballistics
38:04 Chemistry
38:41 Halberdier
45:27 Elite War Elephant
59:37 Blast Furnace
Pusat_209
2:26 Loom
15:17 Feudal Age
16:44 Wheelbarrow
17:44 Double-Bit Axe
17:45 Horse Collar
24:22 Castle Age
22:55 Gold Mining
25:59 Hand Cart
29:05 Gold Shaft Mining
28:24 Stone Mining
29:07 Bow Saw
29:05 Heavy Plow
32:59 Forging
32:52 Scale Mail Armor
32:59 Scale Barding Armor
32:50 Fletching
33:03 Padded Archer Armor
34:59 Stone Shaft Mining
34:33 Light Cavalry
36:48 Crossbowman
36:51 Elite Skirmisher
37:44 Thumb Ring
42:18 Imperial Age
41:14 Man-at-Arms
41:17 Pikeman
42:29 Long Swordsman
43:00 Gambesons
43:22 Squires
43:12 Arson
48:03 Chemistry
47:26 Ballistics
46:52 Treadmill Crane
48:37 Elite Cataphract
49:25 Arbalester
49:40 Two-Handed Swordsman
50:53 Cavalier
52:46 Hoardings
52:38 Conscription
54:24 Logistica
54:57 Heavy Cavalry Archer
56:23 Husbandry
57:36 Two-Man Saw
57:14 Crop Rotation
57:38 Iron Casting
57:22 Chain Mail Armor
57:32 Chain Barding Armor
Connection lost

Rejoining the realm…

Still unreachable

The connection could not be restored.

Session expired

The server has moved on; the page needs a fresh start.